 Dungeon Crawl Stone Soup version 0.29.1-2-gbd0b4ee654 (webtiles) character file.

Game seed: 8647150278630313440

66 hawla the Thaumaturge (level 4, -1/32 HPs)
             Began as a Gnoll Wanderer on Nov 21, 2022.
             Killed from afar by an orc wizard (5 damage)
             ... with a magic dart
             ... on level 3 of the Dungeon.
             The game lasted 00:06:53 (2630 turns).

hawla the Thaumaturge (Gnoll Wanderer)              Turns: 2630, Time: 00:06:54

Health: -1/32      AC:  2    Str:  8    XL:     4   Next: 15%
Magic:  8/17       EV: 12    Int: 13    God:
Gold:   87         SH:  4    Dex: 13    Spells: 19/25 levels left

rFire   . . .      SeeInvis +   o - +1 dagger (flame)
rCold   . . .      Faith    .   d - +0 buckler
rNeg    . . .      Spirit   .   c - +0 robe
rPois   .          Reflect  .   (no helmet)
rElec   .          Harm     .   (no cloak)
rCorr   .          Rampage  .   (no gloves)
Will    .....                   (no boots)
Stlth   ++........              (no amulet)
HPRegen 0.10/turn               l - ring of see invisible
MPRegen 0.15/turn               (no ring)

@: very slightly contaminated
A: fangs 1, strong nose, distributed training, weak 1, subdued magic 1,
MP-powered wands
a: no special abilities


You were on level 3 of the Dungeon.
You visited 1 branch of the dungeon, and saw 3 of its levels.

You collected 87 gold pieces.

Inventory:

Hand Weapons
 o - a +1 dagger of flaming (weapon)
Armour
 c - a +0 robe (worn)
 d - a +0 buckler (worn)
Jewellery
 l - a ring of see invisible (left hand)
Scrolls
 f - 3 scrolls of identify
 i - 2 scrolls of fog
 p - a scroll of noise
Potions
 a - a potion of curing
 h - a potion of attraction {unknown}
 k - a potion of haste {unknown}
 n - a potion of heal wounds {unknown}


   Skills:
 + Level 1.1 Fighting
 + Level 1.1 Short Blades
 + Level 1.1 Long Blades
 + Level 1.1 Axes
 + Level 1.1 Maces & Flails
 + Level 1.1 Polearms
 + Level 1.1 Staves
 + Level 1.1 Ranged Weapons
 + Level 1.1 Throwing
 + Level 1.1 Armour
 + Level 2.7 Dodging
 + Level 1.1 Stealth
 + Level 2.7 Shields
 + Level 1.1 Unarmed Combat
 + Level 11.3 Spellcasting
 + Level 0.8 Conjurations
 + Level 0.8 Hexes
 + Level 0.8 Summonings
 + Level 0.8 Necromancy
 + Level 0.8 Translocations
 + Level 0.8 Transmutations
 + Level 0.8 Fire Magic
 + Level 0.8 Ice Magic
 + Level 5.4 Air Magic
 + Level 0.8 Earth Magic
 + Level 0.8 Poison Magic
 + Level 1.2 Invocations
 + Level 1.1 Evocations


You had 19 spell levels left.
You knew the following spells:

 Your Spells              Type           Power      Damage    Failure   Level
a - Shock                 Conj/Air       48%        1d6       2%          1
b - Foxfire               Conj/Fire      28%        2x1d5     7%          1
c - Corpse Rot            Necr/Pois/Air  10%        N/A       38%         4

Your spell library contained the following spells:

 Spells                   Type           Power      Damage    Failure   Level
 Swiftness                Air            16%        N/A       3%          3
 Inner Flame              Hex/Fire       7%         N/A       22%         3


Dungeon Overview and Level Annotations

Branches:
Dungeon (3/15)

Altars:

Shops:
D:1 (

Annotations:
D:2 Crazy Yiuf
D:3 Terence


Innate Abilities, Weirdness & Mutations

You have very sharp teeth.
Your uncanny sense of smell can sniff out nearby items.
Your experience applies equally to all skills.
You are weak. (Str -2)
Your spells are a little easier to cast, but a little less powerful.
You expend magic power (3 MP) to strengthen your wands.


Message History

Your magical contamination has completely faded away.
The orc wizard gestures wildly while chanting.
The orc wizard flickers and vanishes for a moment.
Terence says, "You're history."
Casting: Shock (safe; 3% risk of failure)
Confirm with . or Enter, or press ? or * to list all spells.
Aiming: Shock (safe; 3% risk of failure)
Press: ? - help, Shift-Dir - straight line, f/p - Terence
Aim: Terence, wielding a +0 flail, wearing a +0 chain mail and carrying a wand of polymorph (5) (lightly wounded, 79% to hit)
The zap misses the orc.
The zap hits the orc.
The orc is moderately wounded.
The zap misses Terence.
Casting: Shock (safe; 3% risk of failure)
Confirm with . or Enter, or press ? or * to list all spells.
You miscast Foxfire.
You are very lightly contaminated with residual magic.
Nothing appears to happen.
The orc hits you with a +0 dagger.
Casting: Foxfire (safe; 9% risk of failure)
Confirm with . or Enter, or press ? or * to list all spells.
You conjure some foxfire!
Your miasmic aura fades.
The orc hits you with a +0 dagger. The orc hits you with a +0 club.
* * * LOW HITPOINT WARNING * * *
The foxfire hits the orc.
The orc is severely wounded.
The foxfire hits the orc.
The orc is almost dead.
The orc hits you with a +0 dagger.
* * * LOW HITPOINT WARNING * * *
You see here a giant cockroach corpse.
It was a potion of mutation.
You feel extremely strange.
You feel weaker.
Your connection to magic feels subdued.
You feel your magical essence link to the dungeon's wands.
The orc hits you with a +0 dagger.
* * * LOW HITPOINT WARNING * * *
The orc hits you with a +0 club.
* * * LOW HITPOINT WARNING * * *
The orc wizard points at you and mumbles some strange words.
The magic dart hits you.
You die...

##.....#### ..
...##.# #.##.##.#
#.......###
..##......# .####
##......#
......####.......#
#....)?o.oo.....#
#..#...##o@†.†..#
##...o..####<#
#.#.###.####.#####.#
#.##.#
#.#..<.......# ##
..# #.#.##.#######
..# #.# #.# ... #..
..# ### ###


You could see an orc wizard (invisible) and 4 orcs.

Vanquished Creatures
  An adder (D:2)
  An orc (D:3)
  4 bats
  7 endoplasms
  2 giant cockroaches
  4 goblins
  5 hobgoblins
  3 jackals (D:1)
  A quokka (D:1)
  10 ball pythons
  5 frilled lizards (D:1)
  5 kobolds (D:2)
  4 rats
52 creatures vanquished.

Vanquished Creatures (others)
  37 foxfires
37 creatures vanquished.

Grand Total: 89 creatures vanquished

Notes
Turn   | Place    | Note
-------+----------+-------------------------------------------
     0 | D:1      | Reached skill level 11 in Spellcasting
     0 | D:1      | hawla the Gnoll Wanderer began the quest for the Orb.
     0 | D:1      | hawla set off with the following items: a +0 dagger, a
                  | potion of invisibility, a +0 robe, a +0 buckler; and the
                  | following spells available to memorise: Shock, Swiftness,
                  | Foxfire, Inner Flame, Corpse Rot.
     0 | D:1      | Reached XP level 1. HP: 13/13 MP: 12/12
     2 | D:1      | Learned a level 1 spell: Shock
   330 | D:1      | Reached XP level 2. HP: 17/19 MP: 14/14
   894 | D:1      | Learned a level 1 spell: Foxfire
   923 | D:1      | Found Bine Qon's Weapon Shoppe.
   936 | D:1      | Reached XP level 3. HP: 25/25 MP: 11/15
  1408 | D:2      | Reached skill level 1 in Invocations
  1714 | D:2      | Reached skill level 1 in Fighting
  1714 | D:2      | Reached skill level 1 in Short Blades
  1714 | D:2      | Reached skill level 1 in Long Blades
  1714 | D:2      | Reached skill level 1 in Axes
  1714 | D:2      | Reached skill level 1 in Maces & Flails
  1714 | D:2      | Reached skill level 1 in Polearms
  1714 | D:2      | Reached skill level 1 in Staves
  1714 | D:2      | Reached skill level 1 in Ranged Weapons
  1714 | D:2      | Reached skill level 1 in Throwing
  1714 | D:2      | Reached skill level 1 in Armour
  1714 | D:2      | Reached skill level 1 in Stealth
  1714 | D:2      | Reached skill level 1 in Unarmed Combat
  1714 | D:2      | Reached skill level 1 in Evocations
  1955 | D:2      | Reached XP level 4. HP: 26/32 MP: 17/17
  1960 | D:2      | Learned a level 4 spell: Corpse Rot
  2110 | D:2      | Found a runed translucent door.
  2111 | D:2      | Noticed Crazy Yiuf
  2618 | D:3      | Noticed Terence
  2630 | D:3      | Gained mutation: You are weak. (Str -2) [potion of
                  | mutation]
  2630 | D:3      | Gained mutation: Your spells are a little easier to cast,
                  | but a little less powerful. [potion of mutation]
  2630 | D:3      | Gained mutation: You expend magic power (3 MP) to
                  | strengthen your wands. [potion of mutation]
  2630 | D:3      | Killed from afar by an orc wizard

Illustrated notes

Levels and vault maps discovered:
D:1:      psy_arrival_dodecagon, layout_rooms, serial_shops, shop_statue
D:2:      layout_loops_ring, grunt_decor_one_mirror, uniq_crazy_yiuf_cottage
D:3:      layout_loops_cross, shapermc_ecumenical_altar_hornbeckon,
          uniq_terence, uniq_jessica

Skill      XL: |  1  2  3 |
---------------+----------+-----
Spellcasting   | | 11.3
Invocations    | 1 |  1.2
Fighting       | 1 |  1.1
Short Blades   | 1 |  1.1
Long Blades    | 1 |  1.1
Axes           | 1 |  1.1
Maces & Flails | 1 |  1.1
Polearms       | 1 |  1.1
Staves         | 1 |  1.1
Ranged Weapons | 1 |  1.1
Throwing       | 1 |  1.1
Armour         | 1 |  1.1
Stealth        | 1 |  1.1
Unarmed Combat | 1 |  1.1
Evocations     | 1 |  1.1
Dodging        | |  2.7
Shields        | |  2.7
Conjurations   | |  0.8
Hexes          | |  0.8
Summonings     | |  0.8
Necromancy     | |  0.8
Translocations | |  0.8
Transmutations | |  0.8
Fire Magic     | |  0.8
Ice Magic      | |  0.8
Air Magic      | |  5.4
Earth Magic    | |  0.8
Poison Magic   | |  0.8

Action                   |  1- 3 |  4- 6 || total
-------------------------+-------+-------++-------
Melee: Dagger            |    58 |     8 ||    66
       Bite              |     8 |     1 ||     9
 Cast: Shock             |    45 |     6 ||    51
       Foxfire           |    14 |    10 ||    24
       Corpse Rot        |       |     1 ||     1
  Use: Scroll            |       |     5 ||     5
       Potion            |       |     2 ||     2
 Stab: Sleeping          |     1 |       ||     1
Armor: Robe              |    10 |     5 ||    15
Dodge: Dodged            |    52 |    10 ||    62
Block: Buckler           |    21 |     4 ||    25
